 Dungeon Crawl Stone Soup version 0.31-a0-963-ga325b2283a (webtiles) character file.

Game seed: 18248704479143212958

86 Newt the Trooper (level 4, 0/38 (39) HPs)
             Began as a Merfolk Gladiator on Oct 25, 2023.
             Slain by Crazy Yiuf
             ... wielding a +2 quarterstaff of chaos
              (7 damage)
             ... while petrified by Crazy Yiuf
             ... on level 3 of the Dungeon.
             The game lasted 00:02:03 (2148 turns).

Newt the Trooper (Merfolk Gladiator)                Turns: 2148, Time: 00:02:03

HP:   0/38 (39)     AC:  5    Str: 16    XL:     4   Next: 49%
MP:   0/4           EV:  2    Int:  7    God:
Gold: 111           SH:  0    Dex: 15    Spells: 3/3 levels left

rFire   . . .        a - +0 trident
rCold   . . .        (no shield)
rNeg    + + +        b - +0 leather armour
rPois   ∞            c - +1 helmet
rElec   .            (no cloak)
rCorr   .            (no gloves)
SInv    .            (no boots)
Will    .....        (no amulet)
Stlth   +            (no ring)
HPRegen 0.26/turn    (no ring)
MPRegen 0.09/turn

%: no passive effects
@: mighty, petrified, lightly drained
A: (nimble swimmer 2), mertail
a: no special abilities


You were on level 3 of the Dungeon.
You visited 1 branch of the dungeon, and saw 3 of its levels.

You collected 111 gold pieces.

Inventory:

Hand Weapons
 a - a +0 trident (weapon)
Missiles
 d - a throwing net (quivered)
 e - 4 javelins
Armour
 b - a +0 leather armour (worn)
 c - a +1 helmet (worn)
Jewellery
 p - a ring of ice
Scrolls
 m - a scroll of teleportation
 n - 2 scrolls of identify
 q - 2 scrolls of revelation
Potions
 f - a potion of degeneration {unknown}
 g - a potion of enlightenment
 h - a potion of magic {unknown}
 i - a potion of brilliance {unknown}
 j - a potion of attraction {unknown}
 k - a potion of invisibility {unknown}
 l - a potion of might {unknown}
 o - a potion of mutation {unknown}
 r - a potion of haste {unknown}
 s - a potion of curing {unknown}


   Skills:
 - Level 5.0 Fighting
 + Level 4.1 Polearms
 - Level 2.0 Throwing
 - Level 4.0 Dodging


You had 3 spell levels left.
You didn't know any spells.
Your spell library contained the following spells:

 Spells                   Type           Power      Damage    Failure   Level
 Shock                    Conj/Air       0%         1d3       50%         1
 Swiftness                Air            0%         N/A       86%         3
 Airstrike                Air            0%         2d(0-16)  99%         4


Dungeon Overview and Level Annotations

Branches:
Dungeon (3/15)

Altars:
Elyvilon
Ru

Annotations:
D:3 Crazy Yiuf


Innate Abilities, Weirdness & Mutations

((You are very nimble when in or above water. (Stealth+, EV+, Speed+++)))
Your lower body shifts to a powerful aquatic tail in water.


Message History

Crazy Yiuf is severely wounded.
Crazy Yiuf struggles against the net.
You hit Crazy Yiuf.
Crazy Yiuf is almost dead.
Crazy Yiuf struggles against the net.
You hit Crazy Yiuf but do no damage.
Crazy Yiuf is almost dead.
Crazy Yiuf struggles against the net.
The net rips apart, and Crazy Yiuf comes free!
Crazy Yiuf misses you.
You hit Crazy Yiuf but do no damage.
Crazy Yiuf is almost dead.
Crazy Yiuf glowers.
Crazy Yiuf hits you with a +2 quarterstaff of chaos!
You are slowing down.
Unknown command.
Unknown command.
You closely miss Crazy Yiuf.
Crazy Yiuf is almost dead.
Crazy Yiuf hits you with a +2 quarterstaff of chaos.
You feel drained.
Your limbs are stiffening.
Unknown command.
Throw: 2 throwing nets
Press: ? - help, Q - select action, (/) - cycle Shift-Dir - straight line, f/p - Crazy Yiuf
Aim: Crazy Yiuf, wielding a +2 quarterstaff of chaos and wearing a +0 cloak (almost dead, 63% to hit)
You throw a throwing net.
The throwing net completely misses Crazy Yiuf.
Crazy Yiuf hits you with a +2 quarterstaff of chaos! x2
You have turned to stone.
Crazy Yiuf hits you with a +2 quarterstaff of chaos!
Crazy Yiuf burns you.
Crazy Yiuf hits you with a +2 quarterstaff of chaos!
* * * LOW HITPOINT WARNING * * *
You feel your power leaking away.
Crazy Yiuf hits you with a +2 quarterstaff of chaos.
* * * LOW HITPOINT WARNING * * *
You feel very mighty all of a sudden.
Crazy Yiuf says, "Mountain water canine!"
Crazy Yiuf hits you with a +2 quarterstaff of chaos!
You die...

######.###
#.........
#.####.###
#####
#.#.......
#)()#
#.#.##.##.
#)))#
###.#.#...#.
)))
#......._...
### #g#
###.#.#...#.
#.# ♣@♣♣
#.#.##.##.
#.# ♣♣)♣
#.#.......
#.# ♣)♣♣
#.####.###
#.# ♣♣)♣
#.........
#.# ♣♣)♣♣
######)###
#.# ♣♣.P)♣
#.... #.#
♣.P.P♣
##.### #.#
#....#
#####...##
#.# ##..##
##....#.#.#


You could see Crazy Yiuf.

Vanquished Creatures
  4 dart slugs (D:1)
  An orc (D:3)
  8 endoplasms
  A giant cockroach (D:2)
  2 goblins (D:1)
  6 hobgoblins
  14 jackals
  8 kobolds
  3 quokkas
  2 ball pythons (D:2)
  6 bats
  5 frilled lizards
  5 rats
65 creatures vanquished.

Notes
Turn   | Place    | Note
-------+----------+-------------------------------------------
     0 | D:1      | Newt the Merfolk Gladiator began the quest for the Orb.
     0 | D:1      | Reached XP level 1. HP: 16/16 MP: 1/1
   180 | D:1      | Reached skill level 3 in Fighting
   180 | D:1      | Reached XP level 2. HP: 24/24 MP: 2/2
   287 | D:1      | Found a faded altar of an unknown god.
   445 | D:1      | Reached XP level 3. HP: 30/30 MP: 3/3
   576 | D:1      | You fall into a shaft and drop 1 floor!
   672 | D:2      | Reached skill level 4 in Fighting
  1043 | D:1      | Reached XP level 4. HP: 36/38 MP: 4/4
  1822 | D:3      | Reached skill level 5 in Fighting
  1880 | D:3      | Found a sacrificial altar of Ru.
  1963 | D:3      | Found a white marble altar of Elyvilon.
  2132 | D:3      | Found a runed translucent door.
  2133 | D:3      | Noticed Crazy Yiuf
  2148 | D:3      | Slain by Crazy Yiuf

Illustrated notes

Levels and vault maps discovered:
D:1:      ncdulo_watergridlock, layout_loops_ring, serial_forest,
          infiniplex_forest_end_2, infiniplex_forest_clump_double,
          infiniplex_forest_straight_1, infiniplex_forest_lined_3_way,
          infiniplex_forest_end_2, infiniplex_forest_clump_small,
          infiniplex_forest_end_3, infiniplex_forest_zigzag_1,
          infiniplex_forest_corner_2, shapermc_ecumenical_altar_starsandcircs
D:2:      minmay_inner_zag, layout_basic, grunt_decor_junction,
          bh_walls_and_bars
D:3:      layout_loops_ring, elyvilon_altar_1, nicolae_ru_sacrificial_ziggurat,
          grunt_temple_overflow_cloverleaf, minmay_goblin_outpost,
          uniq_crazy_yiuf_cottage

Skill      XL: |  1  2  3  4 |
---------------+-------------+-----
Fighting       | 3 4 5 |  5.0
Polearms       | |  4.1
Throwing       | |  2.0
Dodging        | |  4.0

Action                     |  1- 3 |  4- 6 || total
---------------------------+-------+-------++-------
  Melee: Trident           |   144 |    59 ||   203
         Punch             |     1 |       ||     1
  Throw: Throwing net      |       |     2 ||     2
    Use: Scroll            |       |     6 ||     6
   Stab: Distracted        |     1 |       ||     1
         Sleeping          |       |     4 ||     4
         Held in net/web   |       |     1 ||     1
 Armour: Leather armour    |    61 |    18 ||    79
  Dodge: Dodged            |   105 |    36 ||   141

Table legend: (Time is in decaauts)
 A = Elapsed time spent in this place.
 B = Non-inter-level travel time spent in this place.
 C = Inter-level travel time spent in this place.
 D = Time resting spent in this place.
 E = Time spent auto-exploring this place.
 F = Levels seen in this place.
 G = Mean time per level.
                   A        B        C        D        E       F      G
               +--------+--------+--------+--------+--------+-----+--------+
         Total |   2163 |   2093 |     70 |     27 |   1660 |   3 |  721.0 |
       Dungeon |   2163 |   2093 |     70 |     27 |   1660 |   3 |  721.0 |
               +--------+--------+--------+--------+--------+-----+--------+

Top non-repeatable levels by time:
     D:1: 1068 daAuts
     D:2: 589 daAuts
     D:3: 505 daAuts
